[ PARTIDA AOE2 · #495306518 ]
UnrankedMaya vs Lithuanians
Equipo del jugador · VICT
Equipo rival · DERR
[ ANÁLISIS DE REPETICIÓN · EXTRAÍDO DE LA PARTIDA GRABADA ]
Feudal
9:23
Castillos
18:59
Imperial
38:15
| APM promedio | 45.6 |
| APM pico | 90 |
| eAPM promedio | 25.6 |
| Aldeanos / militares | 131 / 228 |
Foco
⚔️ 46.8% · 🌾 53.2%
Archer ×62 · Spearman ×53 · Plumed Archer ×53 · Eagle Scout ×52 · Trebuchet (Packed) ×4 · Militia ×2
Feudal
8:26
Castillos
21:44
Imperial
37:39
| APM promedio | 50.7 |
| APM pico | 83 |
| eAPM promedio | 26.3 |
| Aldeanos / militares | 165 / 169 |
Foco
⚔️ 35.8% · 🌾 64.2%
Skirmisher ×75 · Knight ×66 · Leitis ×9 · Scout Cavalry ×7 · Trebuchet (Packed) ×6 · Monk ×5
Mapa de la partida
Recursos iniciales + cada clic de construcción. Líneas = muros · curvas = relieve. ◆ oro · ⬟ piedra · ● bayas · ✦ reliquia · ◌ hueco del cierre
Tu base· ✓ Cerrada en 18:59 · 35t muro · sin puerta
Base de rubatubdubs· ✓ Cerrada en 21:44 · 35t muro · 1 puerta(s)
Terreno inicial suavizado · ◌ = hueco del cierre detectado · pasá el cursor para detalles
Inputs por minuto
— Y - - rubatubdubs
Build order — Y
Primeras 150 de 535 acciones detectadas
| 0:01 | Investigar | Loom |
| 0:01 | Crear | Villager (Male) |
| 0:02 | Crear | Villager (Male) |
| 0:02 | Crear | Villager (Male) |
| 0:03 | Construir | House |
| 1:24 | Construir | House |
| 1:26 | Crear | Villager (Male) |
| 1:47 | Construir | Lumber Camp |
| 1:57 | Crear | Villager (Male) |
| 2:19 | Crear | Villager (Male) |
| 2:38 | Crear | Villager (Male) |
| 3:18 | Crear | Villager (Male) |
| 3:35 | Crear | Villager (Male) |
| 3:59 | Crear | Villager (Male) |
| 4:07 | Construir | House |
| 4:18 | Crear | Villager (Male) |
| 4:37 | Crear | Villager (Male) |
| 5:04 | Construir | Mill |
| 5:07 | Crear | Villager (Male) |
| 5:29 | Crear | Villager (Male) |
| 5:57 | Crear | Villager (Male) |
| 6:01 | Construir | House |
| 6:36 | Crear | Villager (Male) |
| 7:13 | Investigar | Feudal Age |
| 7:40 | Construir | Barracks |
| 7:45 | Crear | Villager (Male) |
| 8:13 | Construir | Mining Camp |
| 8:13 | Crear | Villager (Male) |
| 8:39 | Crear | Villager (Male) |
| 8:44 | Construir | House |
| 9:09 | Construir | Palisade Wall |
| 9:23 | Edad | Edad Feudal |
| 9:25 | Construir | Archery Range |
| 9:25 | Crear | Eagle Scout |
| 9:32 | Investigar | Double-Bit Axe |
| 9:50 | Construir | Palisade Wall |
| 9:55 | Construir | Palisade Wall |
| 9:55 | Construir | Palisade Wall |
| 9:58 | Construir | Palisade Wall |
| 10:06 | Construir | House |
| 10:08 | Construir | House |
| 10:08 | Crear | Archer |
| 10:12 | Construir | Palisade Wall |
| 10:15 | Construir | Palisade Wall |
| 10:17 | Crear | Villager (Male) |
| 10:41 | Crear | Villager (Male) |
| 10:42 | Construir | Farm |
| 10:44 | Crear | Archer |
| 10:46 | Construir | Palisade Wall |
| 10:49 | Crear | Archer |
| 10:55 | Construir | Palisade Wall |
| 10:57 | Construir | Palisade Wall |
| 10:59 | Construir | Palisade Wall |
| 11:05 | Crear | Villager (Male) |
| 11:11 | Construir | Palisade Wall |
| 11:13 | Construir | Palisade Wall |
| 11:15 | Construir | Palisade Wall |
| 11:21 | Crear | Villager (Male) |
| 11:24 | Construir | Farm |
| 11:32 | Crear | Archer |
| 12:03 | Construir | Farm |
| 12:05 | Construir | Farm |
| 12:07 | Construir | Farm |
| 12:08 | Crear | Villager (Male) |
| 12:13 | Construir | House |
| 12:27 | Crear | Archer |
| 12:28 | Crear | Villager (Male) |
| 12:44 | Construir | Farm |
| 12:45 | Construir | Farm |
| 12:52 | Construir | House |
| 13:00 | Crear | Villager (Male) |
| 13:44 | Crear | Villager (Male) |
| 13:52 | Crear | Archer |
| 13:57 | Construir | Blacksmith |
| 13:58 | Construir | House |
| 13:58 | Construir | House |
| 13:59 | Construir | House |
| 14:01 | Crear | Villager (Male) |
| 14:24 | Construir | Market |
| 14:26 | Crear | Villager (Male) |
| 14:44 | Construir | Farm |
| 14:46 | Crear | Archer |
| 14:51 | Crear | Villager (Male) |
| 15:01 | Construir | Farm |
| 15:12 | Crear | Archer |
| 15:14 | Construir | House |
| 15:17 | Crear | Villager (Male) |
| 15:31 | Construir | Farm |
| 15:37 | Crear | Villager (Male) |
| 15:49 | Construir | Farm |
| 15:56 | Construir | Farm |
| 16:10 | Construir | House |
| 16:15 | Crear | Archer |
| 16:19 | Investigar | Castle Age |
| 16:21 | Crear | Archer |
| 16:25 | Construir | House |
| 16:25 | Construir | House |
| 16:26 | Construir | House |
| 16:35 | Construir | House |
| 16:36 | Construir | House |
| 16:44 | Construir | House |
| 16:51 | Crear | Archer |
| 17:15 | Investigar | Gold Mining |
| 17:25 | Investigar | Horse Collar |
| 17:33 | Investigar | Fletching |
| 17:33 | Crear | Archer |
| 17:44 | Investigar | Scale Mail Armor |
| 17:59 | Crear | Eagle Scout |
| 18:15 | Construir | Barracks |
| 18:29 | Crear | Eagle Scout |
| 18:35 | Crear | Villager (Male) |
| 18:38 | Crear | Archer |
| 18:53 | Construir | House |
| 18:59 | Crear | Eagle Scout |
| 18:59 | Edad | Edad de los Castillos |
| 19:07 | Investigar | Crossbowman (upgrade) |
| 19:11 | Investigar | Bow Saw |
| 19:40 | Construir | Farm |
| 19:41 | Crear | Villager (Male) |
| 19:50 | Crear | Eagle Scout |
| 19:51 | Crear | Eagle Scout |
| 20:05 | Crear | Villager (Male) |
| 20:11 | Crear | Eagle Scout |
| 20:27 | Construir | Farm |
| 20:28 | Construir | Farm |
| 20:30 | Construir | Farm |
| 20:32 | Investigar | Bodkin Arrow |
| 20:33 | Crear | Villager (Male) |
| 20:48 | Construir | Farm |
| 20:49 | Crear | Eagle Scout |
| 20:54 | Crear | Archer |
| 20:55 | Crear | Archer |
| 20:57 | Crear | Villager (Male) |
| 21:20 | Investigar | Squires |
| 21:22 | Crear | Villager (Male) |
| 21:28 | Construir | Town Center |
| 21:41 | Crear | Archer |
| 21:47 | Crear | Villager (Male) |
| 22:07 | Crear | Archer |
| 22:08 | Crear | Villager (Male) |
| 22:32 | Crear | Villager (Male) |
| 22:43 | Crear | Villager (Male) |
| 23:28 | Crear | Villager (Male) |
| 23:28 | Crear | Archer |
| 23:29 | Crear | Villager (Male) |
| 23:30 | Construir | Farm |
| 23:58 | Crear | Archer |
| 23:58 | Crear | Archer |
| 24:00 | Crear | Villager (Male) |
| 24:01 | Crear | Archer |
Build order — rubatubdubs
Primeras 150 de 504 acciones detectadas
| 0:00 | Crear | Villager (Male) |
| 0:02 | Construir | House |
| 0:04 | Construir | House |
| 0:16 | Crear | Villager (Male) |
| 0:24 | Crear | Villager (Male) |
| 0:35 | Crear | Villager (Male) |
| 0:40 | Crear | Villager (Male) |
| 0:50 | Crear | Villager (Male) |
| 1:24 | Crear | Villager (Male) |
| 1:24 | Crear | Villager (Male) |
| 1:59 | Crear | Villager (Male) |
| 2:20 | Construir | Lumber Camp |
| 2:21 | Crear | Villager (Male) |
| 3:11 | Crear | Villager (Male) |
| 3:23 | Crear | Villager (Male) |
| 3:23 | Crear | Villager (Male) |
| 3:32 | Construir | House |
| 3:56 | Crear | Villager (Male) |
| 3:56 | Crear | Villager (Male) |
| 5:12 | Crear | Villager (Male) |
| 5:25 | Construir | Mill |
| 5:29 | Crear | Villager (Male) |
| 5:44 | Investigar | Loom |
| 6:10 | Investigar | Feudal Age |
| 6:10 | Investigar | Feudal Age |
| 6:57 | Construir | House |
| 7:10 | Crear | Villager (Male) |
| 7:14 | Construir | Barracks |
| 8:26 | Edad | Edad Feudal |
| 8:28 | Construir | Archery Range |
| 8:48 | Investigar | Double-Bit Axe |
| 8:48 | Crear | Villager (Male) |
| 9:06 | Crear | Villager (Male) |
| 9:09 | Crear | Archer |
| 9:11 | Construir | House |
| 9:37 | Crear | Villager (Male) |
| 9:39 | Crear | Skirmisher |
| 9:39 | Crear | Skirmisher |
| 9:47 | Construir | House |
| 9:48 | Construir | Palisade Wall |
| 9:49 | Crear | Villager (Male) |
| 10:11 | Construir | Palisade Wall |
| 10:13 | Crear | Villager (Male) |
| 10:16 | Crear | Skirmisher |
| 10:24 | Construir | House |
| 10:26 | Construir | Palisade Wall |
| 10:35 | Crear | Villager (Male) |
| 10:48 | Construir | Mill |
| 10:59 | Construir | House |
| 11:00 | Construir | Palisade Wall |
| 11:06 | Crear | Villager (Male) |
| 11:08 | Crear | Skirmisher |
| 11:13 | Construir | Palisade Wall |
| 11:18 | Construir | House |
| 11:23 | Crear | Skirmisher |
| 11:27 | Crear | Villager (Male) |
| 11:44 | Construir | House |
| 11:46 | Construir | Palisade Wall |
| 11:49 | Crear | Villager (Male) |
| 11:50 | Investigar | Horse Collar |
| 11:57 | Crear | Skirmisher |
| 12:13 | Construir | Lumber Camp |
| 12:16 | Crear | Villager (Male) |
| 12:33 | Crear | Villager (Male) |
| 12:37 | Construir | Farm |
| 13:02 | Crear | Villager (Male) |
| 13:04 | Construir | Farm |
| 13:04 | Construir | Farm |
| 13:04 | Construir | Farm |
| 13:04 | Construir | Farm |
| 13:48 | Crear | Villager (Male) |
| 13:50 | Construir | Stable |
| 13:53 | Construir | Farm |
| 13:53 | Crear | Villager (Male) |
| 14:03 | Crear | Skirmisher |
| 14:10 | Construir | Farm |
| 14:22 | Construir | Farm |
| 14:25 | Crear | Scout Cavalry |
| 14:25 | Crear | Scout Cavalry |
| 14:28 | Crear | Skirmisher |
| 14:45 | Crear | Villager (Male) |
| 14:47 | Construir | Farm |
| 14:52 | Crear | Villager (Male) |
| 14:56 | Construir | Farm |
| 15:10 | Crear | Villager (Male) |
| 15:12 | Construir | Farm |
| 15:13 | Construir | Farm |
| 15:18 | Crear | Villager (Male) |
| 15:24 | Construir | House |
| 15:27 | Construir | Farm |
| 15:34 | Crear | Villager (Male) |
| 15:37 | Construir | Farm |
| 15:50 | Crear | Villager (Male) |
| 15:56 | Construir | Mining Camp |
| 15:56 | Crear | Villager (Male) |
| 16:00 | Crear | Scout Cavalry |
| 16:02 | Crear | Scout Cavalry |
| 16:09 | Construir | Palisade Gate |
| 16:11 | Crear | Villager (Male) |
| 16:13 | Construir | Farm |
| 16:14 | Construir | Farm |
| 16:21 | Crear | Villager (Male) |
| 16:27 | Construir | Farm |
| 16:45 | Construir | Farm |
| 16:54 | Construir | Farm |
| 17:05 | Construir | Farm |
| 17:20 | Construir | Farm |
| 17:30 | Crear | Villager (Male) |
| 17:36 | Construir | Farm |
| 17:47 | Construir | Farm |
| 17:58 | Construir | Farm |
| 18:00 | Crear | Villager (Male) |
| 18:36 | Construir | Blacksmith |
| 18:39 | Crear | Villager (Male) |
| 19:00 | Construir | Farm |
| 19:01 | Construir | Farm |
| 19:04 | Investigar | Castle Age |
| 19:05 | Investigar | Castle Age |
| 19:49 | Crear | Villager (Male) |
| 20:11 | Construir | Stable |
| 20:12 | Investigar | Scale Barding Armor |
| 20:13 | Investigar | Bloodlines |
| 20:32 | Construir | House |
| 20:38 | Construir | House |
| 20:40 | Construir | House |
| 20:42 | Construir | House |
| 20:43 | Construir | Palisade Wall |
| 20:53 | Construir | House |
| 20:55 | Construir | House |
| 20:56 | Construir | Palisade Wall |
| 21:08 | Investigar | Forging |
| 21:24 | Construir | Lumber Camp |
| 21:44 | Edad | Edad de los Castillos |
| 21:46 | Crear | Knight |
| 21:46 | Crear | Knight |
| 21:47 | Investigar | Chain Barding Armor |
| 22:03 | Crear | Knight |
| 22:04 | Crear | Knight |
| 22:09 | Crear | Villager (Male) |
| 22:12 | Construir | Farm |
| 22:13 | Construir | Farm |
| 22:18 | Crear | Knight |
| 22:18 | Crear | Knight |
| 22:34 | Crear | Knight |
| 22:43 | Crear | Villager (Male) |
| 22:43 | Crear | Villager (Male) |
| 23:06 | Crear | Knight |
| 23:16 | Crear | Villager (Male) |
| 23:24 | Construir | House |
| 23:26 | Construir | House |
Cronología de la partida
| 7:14 | rubatubdubs · first_building Barracks |
| 7:40 | Y · first_building Barracks |
| 8:26 | rubatubdubs · age_up feudal |
| 8:28 | rubatubdubs · first_building Archery Range |
| 9:09 | Y · wall_segment Palisade Wall x9 |
| 9:23 | Y · age_up feudal |
| 9:25 | Y · first_building Archery Range |
| 9:48 | rubatubdubs · wall_segment Palisade Wall x7 |
| 9:50 | Y · wall_segment Palisade Wall x6 |
| 9:55 | Y · wall_segment Palisade Wall x5 |
| 9:55 | Y · wall_segment Palisade Wall x1 |
| 9:58 | Y · wall_segment Palisade Wall x3 |
| 10:11 | rubatubdubs · wall_segment Palisade Wall x3 |
| 10:12 | Y · wall_segment Palisade Wall x4 |
| 10:15 | Y · wall_segment Palisade Wall x1 |
| 10:26 | rubatubdubs · wall_segment Palisade Wall x8 |
| 10:46 | Y · wall_segment Palisade Wall x3 |
| 10:55 | Y · wall_segment Palisade Wall x1 |
| 10:57 | Y · wall_segment Palisade Wall x1 |
| 10:59 | Y · wall_segment Palisade Wall x1 |
| 11:00 | rubatubdubs · wall_segment Palisade Wall x6 |
| 11:11 | Y · wall_segment Palisade Wall x1 |
| 11:13 | Y · wall_segment Palisade Wall x1 |
| 11:13 | rubatubdubs · wall_segment Palisade Wall x6 |
| 11:15 | Y · wall_segment Palisade Wall x1 |
| 11:46 | rubatubdubs · wall_segment Palisade Wall x6 |
| 13:50 | rubatubdubs · first_building Stable |
| 15:44 | Y · first_market_sell 100 stone |
| 15:45 | Y · first_market_buy 100 food |
| 18:59 | Y · age_up castle |
| 20:43 | rubatubdubs · wall_segment Palisade Wall x1 |
| 20:56 | rubatubdubs · wall_segment Palisade Wall x1 |
| 21:44 | rubatubdubs · age_up castle |
| 24:14 | rubatubdubs · first_building Monastery |
| 31:01 | Y · first_building Castle |
| 34:54 | rubatubdubs · first_market_sell 100 food |
| 34:55 | rubatubdubs · first_market_buy 100 stone |
| 37:02 | rubatubdubs · first_building Castle |
| 37:39 | rubatubdubs · age_up imperial |
| 38:15 | Y · age_up imperial |
| 43:39 | Y · first_building Siege Workshop |
| 47:21 | rubatubdubs · resign |
[ ANÁLISIS IA · 1 CRÉDITO ]
¿Qué pasó realmente en esta partida?
Wolo.gg analiza cada decisión: build order, eco, micro, errores típicos por bracket. Análisis personalizado por WhatsApp o Discord en 30 segundos.
Guía civ
Maya
Perfil
Jugador #1016523